 Dungeon Crawl Stone Soup version 0.31-a0-145-g046c7d2549 (webtiles) character file.

Game seed: 17068653345840941126

4293 lunkers the Severer (level 10, 0/77 HPs)
             Began as a Meteoran Fighter on June 5, 2023.
             Was an Initiate of Gozag.
             Slain by an orc warrior
             ... wielding a +0 bardiche
              (12 damage)
             ... in a bailey.
             The game lasted 00:20:09 (3413 turns).

lunkers the Severer (Meteoran Fighter)              Turns: 3413, Time: 00:20:10

Health: 0/77       AC: 16    Str: 25    XL:     10   Next: 87%
Magic:  11/11      EV:  6    Int: 10    God:    Gozag
Gold:   3249       SH:  6    Dex: 23    Spells: 9/9 levels left

rFire   . . .        a - +5 broad axe
rCold   . . .        c - +0 buckler
rNeg    . . .        n - +0 plate armour
rPois   .            (no helmet)
rElec   .            m - +1 cloak
rCorr   .            h - +0 pair of gloves
SInv    .            o - +0 pair of boots
Will    +....        (no amulet) Stlth
                     r - +6 ring of strength
HPRegen 0.32/turn    y - +6 ring of dexterity
MPRegen 0.12/turn

%: no passive effects
@: gold aura, glowing
A: sense surroundings 2, otherworldly, glowing, explore regen
a: Renounce Religion, Potion Petition, Call Merchant, Bribe Branch


You were in a bailey.
You worshipped Gozag.
Gozag was most pleased with you.
You visited 1 branch of the dungeon, and saw 9 of its levels.
You also visited: Bailey.

You collected 3249 gold pieces.

Inventory:

Hand Weapons
 a - a +5 broad axe (weapon)
 e - a +0 long sword
 q - the +3 hand axe of Immorality {spect, Will+}
   (You found it on level 4 of the Dungeon)

   Will:      It increases your willpower.
Missiles
 j - a throwing net
Armour
 c - a +0 buckler (worn)
 h - a +0 pair of gloves (worn)
 m - a +1 cloak (worn)
 n - a +0 plate armour (worn)
 o - a +0 pair of boots (worn)
 u - a +2 leather armour of fire resistance
Jewellery
 r - a +6 ring of strength (left hand)
 y - a +6 ring of dexterity (right hand)
Wands
 b - a wand of polymorph (8)
 t - a wand of mindburst (12)
 x - a wand of digging (6)
 B - a wand of roots (9)
 C - a wand of charming (6)
Scrolls
 f - 2 scrolls of fog
 i - 5 scrolls of teleportation
 l - 2 scrolls of blinking
Potions
 d - a potion of resistance
 g - 3 potions of berserk rage
 k - a potion of brilliance
 p - a potion of curing {unknown}
 s - a potion of ambrosia {unknown}
 v - a potion of degeneration {unknown}
 w - 2 potions of attraction
 z - a potion of lignification {unknown}
 A - 2 potions of might


   Skills:
 - Level 3.2 Fighting
 - Level 2.4 Long Blades
 + Level 16.8 Axes
 + Level 4.5 Armour
 - Level 3.6 Shields


You had 9 spell levels left.
You didn't know any spells.
Your spell library contained the following spells:

 Spells                   Type           Power      Damage    Failure   Level
 Sandblast                Erth           0%         2d4       100%        1
 Slow                     Hex            0%         N/A       100%        1
 Passwall                 Tmut/Erth      0%         N/A       100%        2
 Confusing Touch          Hex            0%         N/A       100%        3
 Stone Arrow              Conj/Erth      0%         3d7       100%        3
 Vampiric Draining        Necr           0%         2d6       100%        3
 Anguish                  Hex/Necr       0%         N/A       100%        4
 Cause Fear               Hex            0%         N/A       100%        4
 Enfeeble                 Hex            0%         N/A       100%        7


Dungeon Overview and Level Annotations

Branches:
Dungeon (9/15) Zot: 2053   Temple (0/1) D:5          Bailey (1/1) Zot: 514
   Lair: D:8-11         Orc: D:9-12

Altars:
Cheibriados
Gozag
Makhleb
Sif Muna
Vehumet


Innate Abilities, Weirdness & Mutations

You passively map the area around you.
You are easily found by Zot.
You glow in the dark.
You regain HP and MP as you explore.


Message History

Press: ? - help, Shift-Dir - straight line, f - orc warrior
Aim: an orc warrior, wielding a +0 glaive and wearing a +0 scale mail (chance to affect: 49%)
The orc warrior is no longer distracted by gold.
The orc warrior is charmed.
The orc is distracted by your dazzling golden aura.
An orc comes into view. It is wielding a +0 trident.
An orc warrior comes into view. It is wielding a +0 glaive.
The orc is distracted by your dazzling golden aura.
The orc warrior is distracted by your dazzling golden aura.
The orc warrior is no longer distracted by gold.
An orc warrior comes into view. It is wielding a +0 bardiche.
The orc warrior hits you but does no damage.
You are too injured to fight recklessly!
The orc warrior is no longer distracted by gold.
The orc is no longer distracted by gold.
You block the orc warrior's attack.
Things that are here:
4 gold pieces; a +0 trident; a +0 plate armour You hit the orc warrior but do no damage.
The orc is no longer distracted by gold.
Your orc warrior hits the orc warrior with a +0 glaive!
You block the orc warrior's attack.
You hear a shout! x2
You barely miss the orc warrior.
The orc warrior is severely wounded.
An orc knight comes into view. It is wielding a +0 halberd.
The orc barely misses you.
Your orc warrior hits the orc warrior with a +0 glaive!
The orc warrior dies!
Your orc warrior barely misses the orc.
The orc hits you from afar with a +0 halberd.
* * * LOW HITPOINT WARNING * * *
The orc warrior hits you from afar with a +0 bardiche!
* * * LOW HITPOINT WARNING * * *
You block the orc's attack.
Your orc warrior hits the orc with a +0 glaive!
The orc dies!
The orc warrior hits you from afar with a +0 bardiche!
You die...
Your body crumbles into a pile of gold.

, , ♣♣≈≈≈≈≈.♣*
####..♣≈≈≈≈≈...# $ *
######.$#..♣≈≈≈≈..♣.##
.......#...≈≈≈≈.....###
, ,
.oo.##.♣.≈≈≈≈..♣....♣ ,
***
#o$#....≈≈≈≈........ ,8
* ,
*#8o#...######....... ,
, #$o#...............∩
, #$.@................
, *
$,#.$'....).).........
, ,, ,
#o.#...............∩ *
, $
#8.#...######....... *
#..#....≈≈≈≈..♣.....
...##...≈≈≈≈..♣♣...♣ ,
, .....#...≈≈≈≈.....###
$, ####.$#..≈≈≈≈≈..####
## #..≈≈≈≈...#


You could see an orc knight, 2 orc warriors, 2 orcs and a friendly orc warrior
(charmed, unaware).

Vanquished Creatures
  Pikel (D:4)
  5 yaks (D:7)
  Menkaure (D:6)
  An acid dragon (D:6)
  Edmund (D:6)
  Duvessa (D:6)
  A water moccasin (D:6)
  4 orc warriors (Bailey)
  2 sky beasts
  A black bear (D:5)
  3 ogres (D:4)
  2 phantoms
  A bullfrog (D:5)
  A scorpion (D:5)
  8 wights
  Dowan (D:6)
  A howler monkey (D:6)
  2 jellies
  3 hounds
  2 gnoll boudas
  Crazy Yiuf (D:4)
  3 orc priests
  A sleepcap (D:6)
  Ijyb (D:4)
  5 orc wizards
  13 gnolls
  7 adders
  A white imp (D:5)
  An ufetubus (D:5)
  A worm (D:7)
  2 dart slugs (D:1)
  28 orcs
  3 ball pythons
  2 bats
  4 endoplasms
  3 giant cockroaches
  7 goblins
  4 hobgoblins
  6 jackals
  2 quokkas
  3 frilled lizards
  7 kobolds
  3 rats
150 creatures vanquished.

Vanquished Creatures (collateral kills)
  An orc warrior (Bailey)
  An orc (Bailey)
2 creatures vanquished.

Grand Total: 152 creatures vanquished

Notes
Turn   | Place    | Note
-------+----------+-------------------------------------------
     0 | D:1      | lunkers the Meteoran Fighter began the quest for the Orb.
     0 | D:1      | Reached XP level 1. HP: 19/19 MP: 2/2
    40 | D:1      | Reached skill level 1 in Axes
    58 | D:1      | Found a faded altar of an unknown god.
    66 | D:1      | Prayed at the altar of an unknown god.
    66 | D:1      | Became a worshipper of Gozag Ym Sagoz the Greedy
    72 | D:1      | Reached XP level 2. HP: 24/26 MP: 3/3
   103 | D:1      | Reached skill level 2 in Axes
   433 | D:2      | Reached XP level 3. HP: 31/31 MP: 4/4
   453 | D:2      | Reached skill level 3 in Axes
   528 | D:2      | Reached XP level 4. HP: 38/38 MP: 5/5
   541 | D:2      | Reached skill level 4 in Axes
   831 | D:3      | Found a burning altar of Makhleb.
   833 | D:3      | Noticed a cacodemon
   941 | D:3      | Reached XP level 5. HP: 45/45 MP: 6/6
   944 | D:3      | Reached skill level 5 in Axes
  1112 | D:4      | Noticed a lemure
  1112 | D:4      | Noticed a lemure
  1113 | D:4      | Noticed a lemure
  1113 | D:4      | Noticed a lemure
  1114 | D:4      | Noticed Pikel
  1135 | D:4      | Killed Pikel
  1136 | D:4      | Reached skill level 9 in Axes
  1136 | D:4      | Reached XP level 6. HP: 33/51 MP: 7/7
  1136 | D:4      | Reached XP level 7. HP: 37/57 MP: 8/8
  1148 | D:4      | Identified the +3 hand axe of Immorality {spect, Will+}
  1232 | D:4      | Noticed Ijyb
  1238 | D:4      | Reached XP level 8. HP: 48/63 MP: 9/9
  1239 | D:4      | Killed Ijyb
  1336 | D:4      | Reached skill level 10 in Axes
  1449 | D:4      | Found a runed translucent door.
  1450 | D:4      | Noticed Crazy Yiuf
  1456 | D:4      | Killed Crazy Yiuf
  1500 | D:5      | Entered Level 5 of the Dungeon
  1526 | D:5      | Reached skill level 11 in Axes
  1602 | D:5      | Found a shimmering blue altar of Sif Muna.
  1649 | D:5      | Found a staircase to the Ecumenical Temple.
  1653 | D:5      | Gained mutation: You passively map the area around you.
                  | [Meteoran growth]
  1653 | D:5      | Reached XP level 9. HP: 52/70 MP: 10/10
  1882 | D:5      | Reached skill level 12 in Axes
  1930 | D:6      | Noticed Duvessa
  1935 | D:6      | Noticed Dowan
  1949 | D:6      | Killed Duvessa
  1951 | D:6      | Killed Dowan
  1952 | D:6      | Reached skill level 13 in Axes
  2103 | D:6      | Noticed Menkaure
  2112 | D:6      | Killed Menkaure
  2201 | D:6      | Noticed Edmund
  2204 | D:6      | Reached skill level 14 in Axes
  2213 | D:6      | Killed Edmund
  2225 | D:6      | Reached XP level 10. HP: 46/77 MP: 11/11
  2296 | D:6      | Identified 2 scrolls of acquirement
  2299 | D:6      | Acquired 1048 gold pieces
  2301 | D:6      | Acquired 832 gold pieces
  2407 | D:7      | Found a radiant altar of Vehumet.
  2619 | D:7      | Found a snail-covered altar of Cheibriados.
  2703 | D:7      | Reached skill level 15 in Axes
  2728 | D:7      | Reached skill level 16 in Axes
  3290 | D:9      | Found a flagged portal.
  3322 | Bailey   | Entered a bailey
  3411 | Bailey   | Noticed an orc knight
  3413 | Bailey   | Slain by an orc warrior

Illustrated notes

Levels and vault maps discovered:
D:1:      tarquinn_simple_flora_water_a, layout_basic,
          shapermc_ecumenical_altar_venn
D:2:      layout_rooms
D:3:      layout_basic, makhleb_altar_promises_db
D:4:      layout_loops_cross, nicolae_shop_gadgets, uniq_crazy_yiuf_cottage,
          uniq_ijyb, uniq_pikel
D:5:      layout_basic, mainiacjoe_overflow_paths,
          minmay_temple_entry_large_hall
D:6:      layout_basic, marbit_many_paths, uniq_duvessa, uniq_edmund,
          uniq_menkaure
D:7:      layout_rooms, slow_altar_1, mainiacjoe_overflow_boulevard,
          kennysheep_big_empty_room, nicolae_letterblocks
          [nicolae_letter_subblock, nicolae_letter_subblock,
          nicolae_letter_subblock, nicolae_letter_subblock,
          nicolae_letter_subblock, nicolae_letter_subblock,
          nicolae_letter_subblock, nicolae_letter_subblock,
          nicolae_letter_subblock, nicolae_letter_subblock,
          nicolae_letter_subblock, nicolae_letter_subblock,
          nicolae_letter_subblock, nicolae_letter_subblock,
          nicolae_letter_subblock, nicolae_letter_subblock,
          nicolae_letter_subblock, nicolae_letter_subblock,
          nicolae_letter_subblock, nicolae_letter_subblock,
          nicolae_letter_subblock, nicolae_letter_subblock,
          nicolae_letter_subblock, nicolae_letter_subblock,
          nicolae_letter_subblock]
D:8:      layout_layer_cave, kennysheep_mini_moat, minitemple,
          nicolae_fountain_basement
D:9:      layout_stronghold, ebering_ghost_reflecting_pool, enter_bailey_5,
          kennysheep_cross_bottleneck
Bailey:   bailey_polearm_elven_captive_hellmonk, bailey

Skill      XL: |  1  2  3  4  5  6  7  8  9 10 |
---------------+-------------------------------+-----
Axes           | 1 2 3 4 9 11 14 16 | 16.8
Armour         | 4 |  4.5
Fighting       | |  3.2
Long Blades    | |  2.4
Shields        | |  3.6

Action                     |  1- 3 |  4- 6 |  7- 9 | 10-12 || total
---------------------------+-------+-------+-------+-------++-------
  Melee: Broad axe         |    39 |    48 |   154 |   125 ||   366
  Evoke: Wand              |       |       |       |     1 ||     1
    Use: Scroll            |       |       |     4 |     8 ||    12
         Potion            |       |       |     1 |       ||     1
   Stab: Distracted        |       |       |     2 |     1 ||     3
 Armour: Scale mail        |    14 |     5 |       |       ||    19
         Plate armour      |       |    31 |    80 |    60 ||   171
  Dodge: Dodged            |    15 |    13 |    27 |    18 ||    73
  Block: Buckler           |    15 |    17 |    27 |    38 ||    97

Table legend: (Time is in decaauts)
 A = Elapsed time spent in this place.
 B = Non-inter-level travel time spent in this place.
 C = Inter-level travel time spent in this place.
 D = Time resting spent in this place.
 E = Time spent auto-exploring this place.
 F = Levels seen in this place.
 G = Mean time per level.
                   A        B        C        D        E       F      G
               +--------+--------+--------+--------+--------+-----+--------+
         Total |   3430 |   3358 |     72 |      0 |      0 |  10 |  343.0 |
       Dungeon |   3346 |   3274 |     72 |      0 |      0 |   9 |  371.8 |
        Bailey |     84 |     84 |      0 |      0 |      0 |   1 |   84.0 |
               +--------+--------+--------+--------+--------+-----+--------+

Top non-repeatable levels by time:
     D:3: 470 daAuts
     D:1: 439 daAuts
     D:7: 435 daAuts
     D:5: 427 daAuts
     D:8: 414 daAuts
     D:4: 398 daAuts
     D:6: 374 daAuts
     D:2: 232 daAuts
     D:9: 153 daAuts
  Bailey: 84 daAuts
